 Dungeon Crawl Stone Soup version 0.27-a0-1431-gcffa5a9b16 (webtiles) character file.

Game seed: 14871603736368083606

45 lmSkywalker the Skirmisher (level 3, -5/29 HPs)
             Began as a Demonspawn Berserker on July 2, 2021.
             Was a Believer of Trog.
             Slain by a gnoll (8 damage)
             ... on level 2 of the Dungeon.
             The game lasted 00:03:29 (1207 turns).

lmSkywalker the Skirmisher (Demonspawn Berserker)   Turns: 1207, Time: 00:03:29

Health: -5/29      AC:  5    Str: 18    XL:     3   Next: 42%
Magic:  3/3        EV: 11    Int:  8    God:    Trog [**....]
Gold:   70         SH:  0    Dex: 12    Spells: 2/2 levels left

rFire    . . .     SeeInvis .   a - +0 mace
rCold    . . .     Faith    .   (no shield)
rNeg     . . .     Spirit   .   d - +0 ring mail
rPois    .         Reflect  .   (no helmet)
rElec    .         Harm     .   (no cloak)
rCorr    .         Rampage  .   (no gloves)
Will     .....                  (no boots)
Stlth    +.........             (no amulet)
HPRegen  0.09/turn              (no ring)
MPRegen  0.16/turn              (no ring)

@: on berserk cooldown, slowed, very slow
A: magic regeneration
a: Renounce Religion, Berserk, Trog's Hand


You were on level 2 of the Dungeon.
You worshipped Trog.
Trog was pleased with you.
You visited 1 branch of the dungeon, and saw 2 of its levels.

You collected 70 gold pieces.

Inventory:

Hand Weapons
 a - a +0 mace (weapon)
Missiles
 c - 10 stones
 g - 5 boomerangs (quivered)
Armour
 b - a +0 animal skin
 d - a +0 ring mail (worn)
Potions
 e - a potion of heal wounds {unknown}
 f - a potion of degeneration {unknown}


   Skills:
 + Level 3.4 Fighting
 + Level 3.1 Maces & Flails
 + Level 2.3 Armour
 + Level 2.3 Dodging


You had 2 spell levels left.
You didn't know any spells.
Your spell library was empty.

Dungeon Overview and Level Annotations

Branches:
Dungeon (2/15)

Altars:

Shops:
D:1 ?(


Innate Abilities, Weirdness & Mutations

You regenerate magic rapidly.


Message History

You feel a strong urge to attack something.
You start resting.
You are no longer berserk.
You are exhausted.
You feel yourself slow down.
You start resting.
A gnoll comes into view. It is wielding a +0 flail.
A gnoll is nearby!
The gnoll throws a throwing net.
The throwing net barely misses you.
You see here a throwing net.
A gnoll comes into view. It is wielding a +0 spear.
A gnoll comes into view. It is wielding a +0 halberd.
The gnoll shouts! x2
You aren't carrying any scrolls.
Okay, then.
The gnoll closely misses you.
You closely miss the gnoll. The gnoll closely misses you. x3
You closely miss the gnoll. The gnoll misses you.
The gnoll hits you but does no damage. The gnoll barely misses you.
You hit the gnoll but do no damage.
The gnoll hits you from afar with a +0 spear.
The gnoll closely misses you.
The gnoll hits you from afar with a +0 spear.
The gnoll closely misses you.
You sock the gnoll!
The gnoll is heavily wounded.
The gnoll hits you from afar with a +0 spear.
The gnoll hits you with a +0 flail. The gnoll barely misses you. x2
You hit the gnoll but do no damage.
The gnoll is heavily wounded.
The gnoll misses you. The gnoll hits you with a +0 flail!
* * * LOW HITPOINT WARNING * * *
The gnoll hits you from afar with a +0 spear.
* * * LOW HITPOINT WARNING * * *
The gnoll hits you with a +0 flail.
* * * LOW HITPOINT WARNING * * *
You hit the gnoll.
The gnoll is heavily wounded.
The gnoll hits you from afar with a +0 spear!
You die...

##### #...# #(#.# #.#g#
#.#@# # #.#.# #. #)#g#
#..##$#g#
#...g.#.################
.#.......................
#..>.............)...#####
####.......g.....##..# #
##............###.# #


You could see 3 gnolls.

Vanquished Creatures
  A gnoll (D:2)
  4 endoplasms
  2 giant cockroaches
  5 goblins (D:1)
  A hobgoblin (D:1)
  5 kobolds
  3 ball pythons (D:1)
  4 bats (D:1)
  4 frilled lizards (D:1)
  5 rats
34 creatures vanquished.

Notes
Turn   | Place    | Note
-------+----------+-------------------------------------------
     0 | D:1      | lmSkywalker the Demonspawn Berserker began the quest for
                  | the Orb.
     0 | D:1      | Reached XP level 1. HP: 18/18 MP: 1/1
    87 | D:1      | Gained mutation: You regenerate magic rapidly. [demonic
                  | ancestry]
    87 | D:1      | Reached XP level 2. HP: 24/24 MP: 2/2
   623 | D:1      | Reached ** piety under Trog
   783 | D:1      | Found Xesen's Weapon Shoppe.
   792 | D:1      | Reached XP level 3. HP: 29/29 MP: 3/3
   853 | D:1      | Found Are Ediw's Magic Scroll Emporium.
  1207 | D:2      | Slain by a gnoll

Illustrated notes

Levels and vault maps discovered:
D:1:      grunt_arrival_lava_bath, layout_rooms, serial_shops,
          nicolae_shop_behind_doors, nicolae_shop_waterfront, minivault_23,
          chequers_serial_rivers_room_a
D:2:      layout_basic

Skill      XL: |  1  2 |
---------------+-------+-----
Armour         | 2 |  2.3
Dodging        | 2 |  2.3
Maces & Flails | 3 |  3.1
Fighting       | |  3.4

Action                   || total
-------------------------++-------
Melee: Mace              ||    91
Throw: Boomerang         ||     1
Invok: Berserk           ||     3
Armor: Animal skin       ||    44
       Ring mail         ||     9
Dodge: Dodged            ||   101

Table legend: (Time is in decaauts)
 A = Elapsed time spent in this place.
 B = Non-inter-level travel time spent in this place.
 C = Inter-level travel time spent in this place.
 D = Time resting spent in this place.
 E = Time spent auto-exploring this place.
 F = Levels seen in this place.
 G = Mean time per level.
                   A        B        C        D        E       F      G
               +--------+--------+--------+--------+--------+-----+--------+
         Total |   1253 |   1222 |     31 |     28 |    933 |   2 |  626.5 |
       Dungeon |   1253 |   1222 |     31 |     28 |    933 |   2 |  626.5 |
               +--------+--------+--------+--------+--------+-----+--------+

Top non-repeatable levels by time:
     D:1: 1062 daAuts
     D:2: 191 daAuts
